 Dungeon Crawl Stone Soup version 0.31-a0-1202-ga8fea8b373 (webtiles) character file.

Game seed: 4588531592767379916

15 kae the Vexing (level 2, -1/20 HPs)
             Began as a Demonspawn Enchanter on Dec 12, 2023.
             Slain by a jackal (2 damage)
             ... on level 1 of the Dungeon.
             The game lasted 00:00:35 (720 turns).

kae the Vexing (Demonspawn Enchanter)                Turns: 720, Time: 00:00:36

Health: -1/20      AC:  2    Str:  8    XL:     2   Next: 34%
Magic:  5/5        EV: 12    Int: 15    God:
Gold:   24         SH:  0    Dex: 13    Spells: 3/5 levels left

rFire   . . .        a - +1 dagger
rCold   . . .        (no shield)
rNeg    . . .        b - +0 robe
rPois   .            (no helmet)
rElec   .            (no cloak)
rCorr   .            (no gloves)
SInv    .            (no boots)
Will    .....        (no amulet)
Stlth   ++           (no ring)
HPRegen 0.23/turn    (no ring)
MPRegen 0.18/turn

%: no passive effects
@: no status effects
A: magic regeneration
a: no special abilities


You were on level 1 of the Dungeon.
You visited 1 branch of the dungeon, and saw 1 of its levels.

You collected 24 gold pieces.


Innate Abilities, Weirdness & Mutations

You regenerate magic rapidly.


   Skills:
 + Level 0.4 Fighting
 * Level 1.2 Short Blades
 - Level 1.7 Dodging
 * Level 2.9 Stealth
 + Level 2.1 Spellcasting
 + Level 3.1 Hexes
 * Level 0.1 Ice Magic


You had 3 spell levels left.
You knew the following spells:

 Your Spells              Type           Power      Damage    Failure   Level
a - Ensorcelled Hibernat  Hex/Ice        12%        N/A       17%         2

Your spell library contained the following spells:

 Spells                   Type           Power      Damage    Failure   Level
 Confusing Touch          Hex            11%        N/A       19%         3
 Tukima's Dance           Hex            11%        N/A       19%         3
 Dazzling Flash           Conj/Hex       12%        N/A       34%         3
 Cause Fear               Hex            5%         N/A       52%         4
 Anguish                  Hex/Necr       3%         N/A       75%         4
 Enfeeble                 Hex            5%         N/A       100%        7

Inventory:

Hand Weapons
 a - a +1 dagger (weapon)
Missiles
 d - 8 stones
Armour
 b - a +0 robe (worn)
Scrolls
 e - a scroll of amnesia {unknown}
Potions
 c - 2 potions of invisibility
 f - a potion of resistance {unknown}

Dungeon Overview and Level Annotations

Branches:
Dungeon (1/15) Zot: 5281

Altars:

..# #.# #.# #.#
#.# #### .....
#.###... ....#
#.#..... #.#.#
#.###.#.#.#. #h#.#
#....#...... #h#.#
#####.#.#.#.
#@#.#######.#.....
#.#.#...........##
#.#.#.#####.###.#
#...........# #.#
###.#.####### #.#
#.#.......# #.#
#.#######.# #.#
..#######.###.#
###...........##


You could see 2 jackals.


Message History

A bat is nearby!
You hit the bat but do no damage. The bat hits you but does no damage.
The bat barely misses you.
You closely miss the bat.
The bat hits you but does no damage. 😎 HP[+1]
Your hp is fully restored (20).
A bat is nearby!
You hit the bat.
You kill the bat!
No target in view!
Found a stone staircase leading down.
No target in view!
No target in view!
Key pressed, stopping explore.
No target in view!
No target in view!
Key pressed, stopping explore.
No target in view!
No target in view!
An endoplasm comes into view.
The helpless endoplasm fails to defend itself.
You puncture the endoplasm!
You kill the endoplasm!
A quokka comes into view.
A quokka is nearby! 2 jackals come into view.
The jackal barks!
A jackal comes into view.
There are monsters nearby!
The quokka bites you.
You barely miss the quokka. The quokka misses you. 😕 HP[-4]
You take 4 damage, and now have 16/20 hp.
There are monsters nearby!
You closely miss the quokka. The quokka bites you.
You are too injured to fight recklessly! 😮 HP[-2]
You take 2 damage, and now have 14/20 hp.
There are monsters nearby!
You are too injured to fight recklessly!
You are too injured to fight recklessly!
You are too injured to fight recklessly!
You are too injured to fight recklessly!
You are too injured to fight recklessly!
You are too injured to fight recklessly!
There are monsters nearby!
You are too injured to fight recklessly!
You are too injured to fight recklessly!
You closely miss the quokka. The quokka bites you.
You are too injured to fight recklessly!
You are too injured to fight recklessly! 😮 HP[-2]
You take 2 damage, and now have 12/20 hp.
You closely miss the quokka. The quokka bites you.
* * * LOW HITPOINT WARNING * * *
The quokka completely misses you. 😨 HP[-4]
You take 4 damage, and now have 8/20 hp.
You barely miss the quokka.
The jackal barks!
The quokka bites you.
* * * LOW HITPOINT WARNING * * *
You hit the quokka. The quokka misses you.
You closely miss the quokka. The quokka barely misses you. 😨 HP[-1]
You take 1 damage, and now have 7/20 hp.
You hit the quokka.
You kill the quokka! 😨 HP[+1]
You barely miss the jackal. The jackal barely misses you.
You hit the jackal but do no damage. The jackal bites you.
* * * LOW HITPOINT WARNING * * *
The jackal bites you.
* * * LOW HITPOINT WARNING * * *
You barely miss the jackal. The jackal bites you.
* * * LOW HITPOINT WARNING * * *
You hit the jackal. The jackal closely misses you.
You barely miss the jackal. The jackal closely misses you.
The jackal bites you.
* * * LOW HITPOINT WARNING * * *
You hit the jackal. The jackal barely misses you.
You hit the jackal. The jackal barely misses you.
You hit the jackal but do no damage. The jackal bites you.
* * * LOW HITPOINT WARNING * * *
You hit the jackal.
You kill the jackal! 😱 HP[-5]
You take 5 damage, and now have 3/20 hp.
MASSIVE DAMAGE!! (PAUSE)
You hit the jackal.
The jackal bites you but does no damage.
The jackal barely misses you.
You hit the jackal. The jackal bites you.
* * * LOW HITPOINT WARNING * * *
😱 HP[-2]
You take 2 damage, and now have 1/20 hp.
You hit the jackal. The jackal barely misses you.
You barely miss the jackal. The jackal closely misses you.
The jackal bites you.
You die...

Skill      XL: |  1 |
---------------+----+-----
Short Blades   | 1 |  1.2
Fighting       | |  0.4
Dodging        | |  1.7
Stealth        | |  2.9
Spellcasting   | |  2.1
Hexes          | |  3.1
Ice Magic      | |  0.1

Action                     || total
---------------------------++-------
  Melee: Dagger            ||    79
   Stab: Sleeping          ||     3
 Armour: Robe              ||    49
  Dodge: Dodged            ||    60

Levels and vault maps discovered:
D:1:      kilobyte_arrival_exit_the_forest, layout_loops_ring

Notes
Turn   | Place    | Note
-------+----------+-------------------------------------------
     0 | D:1      | kae the Demonspawn Enchanter began the quest for the Orb.
     0 | D:1      | Reached XP level 1. HP: 13/13 MP: 3/3
     0 | D:1      | magus.rc [v1.11.3]
   147 | D:1      | Reached skill level 1 in Short Blades
   168 | D:1      | You pick up a book of Hexes and begin reading...
   168 | D:1      | You add the spells Anguish, Cause Fear and Enfeeble to your
                  | library.
   357 | D:1      | HP: 2/13 [endoplasm (2)]
   361 | D:1      | Gained mutation: You regenerate magic rapidly. [demonic
                  | ancestry]
   361 | D:1      | Reached XP level 2. HP: 3/20 MP: 5/5
   364 | D:1      | Learned a level 2 spell: Ensorcelled Hibernation
   710 | D:1      | HP: 3/20 [jackal (3)]
   715 | D:1      | HP: 2/20 [jackal (1)]
   720 | D:1      | Slain by a jackal

Vanquished Creatures
  3 endoplasms (D:1)
  A jackal (D:1)
  A quokka (D:1)
  5 bats (D:1)
  A frilled lizard (D:1)
  3 kobolds (D:1)
  2 rats (D:1)
16 creatures vanquished.

Table legend:
 A = Non-vault XP
 B = Vault XP
 C = Vault XP percentage of total XP
 D = Non-vault monster count
 E = Vault monster count
 F = Vault count percentage of total count
                 A         B        C        D         E       F
            +---------+---------+-------+---------+---------+-------
      Total |      22 |       0 |   0.0 |      16 |       0 |   0.0
            +---------+---------+-------+---------+---------+-------
        D:1 |      22 |       0 |   0.0 |      16 |       0 |   0.0
            +---------+---------+-------+---------+---------+-------

Skill      XL: |  1 |
---------------+----+-----
Short Blades   | 1 |  1.2
Fighting       | |  0.4
Dodging        | |  1.7
Stealth        | |  2.9
Spellcasting   | |  2.1
Hexes          | |  3.1
Ice Magic      | |  0.1

Action                     || total
---------------------------++-------
  Melee: Dagger            ||    79
   Stab: Sleeping          ||     3
 Armour: Robe              ||    49
  Dodge: Dodged            ||    60

Illustrated notes

Table legend:
 A = Kills in this place as a percentage of kills in the entire game.
 B = Kills by you in this place as a percentage of kills by you in the entire game.
 C = Kills by friends in this place as a percentage of kills by friends in the entire game.
 D = Other kills in this place as a percentage of other kills in the entire game.
 E = Experience gained in this place as a percentage of experience gained in the entire game.
 F = Experience gained in this place divided by the number of levels of this place that you have seen.
                   A       B       C       D       E      F
               +-------+-------+-------+-------+-------+----------------------
         Total | 100.0 | 100.0 |   N/A |   N/A | 100.0 |  22.0
       Dungeon | 100.0 | 100.0 |   N/A |   N/A | 100.0 |  22.0
               +-------+-------+-------+-------+-------+----------------------

Table legend: (Time is in decaauts)
 A = Elapsed time spent in this place.
 B = Non-inter-level travel time spent in this place.
 C = Inter-level travel time spent in this place.
 D = Time resting spent in this place.
 E = Time spent auto-exploring this place.
 F = Levels seen in this place.
 G = Mean time per level.
                   A        B        C        D        E       F      G
               +--------+--------+--------+--------+--------+-----+--------+
         Total |    717 |    717 |      0 |      0 |    556 |   1 |  717.0 |
       Dungeon |    717 |    717 |      0 |      0 |    556 |   1 |  717.0 |
               +--------+--------+--------+--------+--------+-----+--------+

Top non-repeatable levels by time:
     D:1: 717 daAuts
